 Dungeon Crawl Stone Soup version 0.23-a0-650-ga4d50d4 (webtiles) character file.

5 ubloh the Sneak (level 1, 0/9 HPs)
             Began as a Spriggan Enchanter on Jan 4, 2019.
             Slain by a leopard gecko (2 damage)
             ... on level 1 of the Dungeon.
             The game lasted 00:02:19 (355 turns).

ubloh the Sneak (Spriggan Enchanter)                 Turns: 355, Time: 00:02:19

Health: 0/9        AC:  2    Str:  4    XL:     1   Next: 66%
Magic:  4/5        EV: 18    Int: 16    God:
Gold:   0          SH:  0    Dex: 16    Spells: 4/5 levels left

rFire    . . .     SeeInvis +   a - +1 dagger
rCold    . . .     Gourm    .   (shield restricted)
rNeg     . . .     Faith    .   b - +0 robe
rPois    .         Spirit   .   (helmet restricted)
rElec    .         Reflect  .   (no cloak)
rCorr    .         Harm     .   (gloves unavailable)
MR       .....                  (boots unavailable)
Stlth    +++.......             (no amulet)
HPRegen  0.03/turn              (no ring)
MPRegen  0.09/turn              (no ring)

@: very quick
A: very small, unfitting armour, see invisible, herbivore, speed 3, slow
metabolism 2
a: no special abilities


You were on level 1 of the Dungeon.
You were not hungry.

You visited 1 branch of the dungeon, and saw 1 of its levels.

Inventory:

Hand Weapons
 a - a +1 dagger (weapon)
Armour
 b - a +0 robe (worn)
Scrolls
 c - 3 scrolls of teleportation {unknown}
Comestibles
 d - 3 rations


   Skills:
 - Level 1.1 Short Blades
 - Level 3.0 Dodging
 * Level 4.7 Stealth
 + Level 2.8 Spellcasting
 * Level 3.8 Hexes


You had 4 spell levels left.
You knew the following spells:

 Your Spells              Type           Power        Failure   Level  Hunger
a - Corona                Hex            ##.....      4%          1    #......

Your spell library contained the following spells:

 Spells                   Type           Power        Failure   Level  Hunger
 Confuse                  Hex            ##......     12%         3    ###....
 Tukima's Dance           Hex            ##......     12%         3    ###....
 Ensorcelled Hibernation  Hex/Ice        #.....       13%         2    ##.....
 Dazzling Spray           Conj/Hex       #.....       26%         3    ###....


Dungeon Overview and Level Annotations

Branches:
Dungeon (1/15)

Altars:


Innate Abilities, Weirdness & Mutations

You are very small and have problems with some larger weapons.
You are too small for most types of armour.
You have supernaturally acute eyesight. (SInv)
You are a herbivore.
You cover ground extremely quickly.
You need to consume almost no food.


Message History

Confirm with . or Enter, or press ? or * to list all spells.
Aiming: Corona (safe; 4% risk of failure)
Press: ? - help, Shift-Dir - straight line, f - leopard gecko
Aim: a leopard gecko (chance to defeat MR: 68%)
The leopard gecko is outlined in light.
The leopard gecko bites you.
You barely miss the leopard gecko.
The leopard gecko completely misses you.
You hit the leopard gecko but do no damage.
The leopard gecko misses you.
You hit the leopard gecko.
The leopard gecko is moderately wounded.
The leopard gecko barely misses you.
You hit the leopard gecko but do no damage.
The leopard gecko is moderately wounded.
The leopard gecko bites you.
* * * LOW HITPOINT WARNING * * *
You hit the leopard gecko.
The leopard gecko is severely wounded.
The leopard gecko bites you.
You die...

#...'.......# #...≈###+# #
#####.......#####...≈#≈#.##♣♣
###..........>..≈♣ 8.#♣≈.
#...........#.≈# #.8#..
#...........#.≈###.##..
#...........#..''..''..
#...........#.≈###.##..
#...........#.≈#≈#.8#..
#.....@l.w..#.≈♣♣8.#♣≈.
#...........#.≈#≈#.##♣♣
###.............≈###'####
#.............#.≈#8...8##
#.............#.≈#.....'.
#.....#'#####.#.≈#<...8##
#.....#(#.. ..#.≈#######
#.....#.#.#####.≈≈≈≈≈≈≈
#.....#.#.##...........


You could see a dart slug and a leopard gecko.

Vanquished Creatures
  A bat (D:1)
  A bat zombie (D:1)
  A goblin (D:1)
  A giant cockroach zombie (D:1)
  A kobold (D:1)
5 creatures vanquished.

Notes
Turn   | Place    | Note
-------+----------+-------------------------------------------
     0 | D:1      | ubloh the Spriggan Enchanter began the quest for the Orb.
     0 | D:1      | Reached XP level 1. HP: 9/9 MP: 5/5
   355 | D:1      | Slain by a leopard gecko

Vault maps used:
D:1:      saegor_arrival_fortress

Action                   || total
-------------------------++-------
Melee: Dagger            ||    29
 Cast: Corona            ||     3
 Stab: Sleeping          ||     1
Armor: Robe              ||     5
Dodge: Dodged            ||    27

Table legend:
 A = Non-vault XP
 B = Vault XP
 C = Vault XP percentage of total XP
 D = Non-vault monster count
 E = Vault monster count
 F = Vault count percentage of total count
                 A         B        C        D         E       F
            +---------+---------+-------+---------+---------+-------
      Total |       5 |       3 |  37.5 |       3 |       2 |  40.0
            +---------+---------+-------+---------+---------+-------
        D:1 |       5 |       3 |  37.5 |       3 |       2 |  40.0
            +---------+---------+-------+---------+---------+-------
